 Dungeon Crawl Stone Soup version 0.30-a0-219-gf2db51d15e (webtiles) character file.

Game seed: 14189241809465834222

2146 Aibolit the Skirmisher (level 9, 0/39 HPs)
             Began as a Spriggan Hexslinger on Oct 7, 2022.
             Was a Follower of Hepliaklqana.
             Succumbed to a water moccasin's poison
             ... on level 7 of the Dungeon.
             The game lasted 00:21:52 (5205 turns).

Aibolit the Skirmisher (Spriggan Hexslinger)        Turns: 5205, Time: 00:21:53

Health: 0/39       AC:  3    Str:  6    XL:     9   Next: 9%
Magic:  16/17      EV: 19    Int: 16    God:    Hepliaklqana [*.....]
Gold:   240        SH:  5    Dex: 18    Spells: 14/18 levels left

rFire   . . .      SeeInvis +    x - +0 arbalest (vorpal)
rCold   . . .      Faith    .    (shield currently unavailable)
rNeg    . . .      Spirit   .    c - +0 robe
rPois   .          Reflect  +    (helmet restricted)
rElec   .          Harm     .    f - +0 cloak
rCorr   .          Rampage  .    (gloves unavailable)
Will    +....                    (boots unavailable)
Stlth   ++........               C - amulet of reflection
HPRegen 0.26/turn                D - ring of wizardry
MPRegen 0.15/turn                (no ring)

@: lethally poisoned (0 -> -7), very quick
A: reduced essence, very small, no large weapons, unfitting armour, see
invisible, speed 3
a: Renounce Religion, Recall Ancestor, Ancestor Identity


You were on level 7 of the Dungeon.
You worshipped Hepliaklqana.
Hepliaklqana was aware of your devotion.
You visited 1 branch of the dungeon, and saw 7 of its levels.

You collected 370 gold pieces.
You spent 130 gold pieces at shops.

Inventory:

Hand Weapons
 x - a +0 vorpal arbalest (weapon)
Missiles
 v - 6 silver boomerangs
Armour
 c - a +0 robe (worn)
 f - a +0 cloak (worn)
Jewellery
 o - an amulet of the acrobat
 C - an amulet of reflection (around neck)
 D - a ring of wizardry (left hand)
Wands
 m - a wand of acid (2)
 y - a wand of flame (7)
 F - a wand of paralysis (7)
Scrolls
 a - a scroll of identify
 b - 2 scrolls of poison
 e - a scroll of fear {unknown}
 h - 5 scrolls of teleportation
 k - 3 scrolls of enchant armour
 n - a scroll of enchant weapon {unknown}
 q - a scroll of amnesia {unknown}
 s - 4 scrolls of blinking
 w - a scroll of brand weapon
Potions
 d - 2 potions of resistance
 g - 4 potions of brilliance
 i - a potion of ambrosia {unknown}
 j - a potion of might {unknown}
 l - a potion of curing {unknown}
 p - 3 potions of mutation
 r - 2 potions of haste {unknown}
 t - a potion of lignification {unknown}
 u - a potion of degeneration {unknown}
 z - a potion of berserk rage {unknown}
 A - a potion of heal wounds {unknown}
 B - a potion of invisibility {unknown}
 E - 2 potions of magic {unknown}


   Skills:
 + Level 3.1 Fighting
 + Level 8.6 Ranged Weapons
 + Level 4.5 Dodging
 - Level 0.3 Stealth
 * Level 5.1 Spellcasting
 * Level 6.1 Hexes
 * Level 2.4 Summonings
 - Level 2.6 Evocations


You had 14 spell levels left.
You knew the following spells:

 Your Spells              Type           Power      Damage    Failure   Level
a - Slow                  Hex            92%        N/A       1%          1
b - Summon Guardian Gole  Hex/Summ       17%        N/A       3%          3

Your spell library contained the following spells:

 Spells                   Type           Power      Damage    Failure   Level
 Confusing Touch          Hex            23%        N/A       1%          3
 Cause Fear               Hex            11%        N/A       4%          4
 Inner Flame              Hex/Fire       14%        N/A       5%          3
 Portal Projectile        Hex/Tloc       28%        N/A       5%          3
 Passwall                 Tmut/Erth      3%         N/A       9%          2
 Frozen Ramparts          Ice            8%         1d2       17%         3
 Ignite Poison            Fire/Tmut/Pois 4%         N/A       17%         3
 Ozocubu's Armour         Ice            4%         N/A       17%         3
 Vampiric Draining        Necr           4%         2d6       17%         3
 Summon Ice Beast         Ice/Summ       7%         N/A       34%         4
 Summon Lightning Spire   Summ/Air       7%         N/A       34%         4
 Ice Form                 Ice/Tmut       4%         N/A       50%         4
 Alistair's Intoxication  Tmut/Pois      2%         N/A       82%         5
 Blade Hands              Tmut           2%         N/A       82%         5
 Ozocubu's Refrigeration  Ice            2%         4d7       100%        7


Dungeon Overview and Level Annotations

Branches:
Dungeon (7/15)
 Temple: D:4-7

Altars:
Dithmenos
Hepliaklqana
Nemelex Xobeh
Sif Muna
Xom

Shops:
D:4 (


Innate Abilities, Weirdness & Mutations

Your life essence is reduced to manifest your ancestor. (-10% HP)
You are very small and have problems with some larger weapons.
You are too small for most types of armour.
You have supernaturally acute eyesight. (SInv)
You cover ground extremely quickly. (Speed+++)


Message History

The bolt hits the water moccasin but does no damage.
The water moccasin hisses angrily.
You shoot a bolt.
The bolt closely misses the water moccasin.
Casting: Summon Guardian Golem (dangerous; 3% risk of failure)
Press: ? - help, Q - select action, (/) - cycle Dir - look around, f - activate A guardian golem appears, shielding your allies.
You swap places.
You shoot a bolt. The bolt misses the water moccasin.
The water moccasin barely misses you.
You shoot a bolt.
The bolt barely misses the water moccasin.
The water moccasin bites you! The water moccasin bites you.
You are poisoned.
The water moccasin poisons you! The water moccasin barely misses you.
You shoot a bolt.
The bolt closely misses the water moccasin.
You feel very sick.
The water moccasin bites you but does no damage.
The water moccasin bites you.
You are lethally poisoned!
The water moccasin poisons you!
You feel very sick.
You feel very sick.
* * * LOW HITPOINT WARNING * * *
You feel very sick.
* * * LOW HITPOINT WARNING * * *
You feel sick.
As you read the scroll of identify, it crumbles to dust.
p - 3 potions of mutation
* * * LOW HITPOINT WARNING * * *
You feel very sick.
The water moccasin completely misses you.
* * * LOW HITPOINT WARNING * * *
You feel sick.
* * * LOW HITPOINT WARNING * * *
You feel sick.
* * * LOW HITPOINT WARNING * * *
You feel sick.
You die...

#....###...##..[......#
#...#...........)......#
#...##........#........
..............#.##..##
..............#......#
P.P.P...P.......##..####
...........9...###.....#
.............S.##.....>###
................@........###
..P.P.P...P......###.......#
.............#..##.......##
.........##.##....#...# .
.........#....).##...## ...
....... .....>##.....# ##.
.....# #...#..#...###### )..
... ....#.....#####.### ...
#........###......#


You could see a water moccasin (ally target) and a friendly guardian golem
(summoned).

Vanquished Creatures
  Pikel (D:6)
  2 yaks (D:6)
  Menkaure (D:5)
  A water moccasin (D:5)
  An ice beast (D:7)
  An ogre (D:5)
  4 lemures (D:6)
  A phantom (D:5)
  2 bullfrogs
  A necrophage (D:4)
  A scorpion (D:5)
  5 wights (D:6)
  A howler monkey (D:6)
  A hound (D:6)
  A jelly (D:7)
  3 iguanas
  2 adders
  A gnoll (D:1)
  A white imp (D:6)
  4 worms
  3 dart slugs
  4 orcs
  6 ball pythons
  5 bats
  6 endoplasms
  A giant cockroach (D:2)
  4 hobgoblins
  4 jackals (D:1)
  4 quokkas
  3 frilled lizards
  7 goblins
  7 kobolds
  6 rats
95 creatures vanquished.

Vanquished Creatures (collateral kills)
  A yak (D:6)
1 creature vanquished.

Vanquished Creatures (others)
  2 ancestors (D:6)
2 creatures vanquished.

Grand Total: 98 creatures vanquished

Notes
Turn   | Place    | Note
-------+----------+-------------------------------------------
     0 | D:1      | Aibolit the Spriggan Hexslinger began the quest for the
                  | Orb.
     0 | D:1      | Reached XP level 1. HP: 9/9 MP: 3/3
    69 | D:1      | Reached XP level 2. HP: 14/14 MP: 3/5
   205 | D:1      | Found a faded altar of an unknown god.
   296 | D:1      | Reached skill level 3 in Ranged Weapons
   299 | D:1      | Reached skill level 1 in Fighting
   299 | D:1      | Reached XP level 3. HP: 18/18 MP: 6/6
  1064 | D:2      | Found a sparkling altar of Nemelex Xobeh.
  1180 | D:2      | Reached XP level 4. HP: 19/22 MP: 7/7
  1525 | D:3      | Found a shimmering blue altar of Sif Muna.
  1709 | D:3      | Reached skill level 4 in Ranged Weapons
  1982 | D:3      | Became a worshipper of Sif Muna the Loreminder
  2094 | D:4      | Noticed a necrophage
  2100 | D:4      | Killed a necrophage
  2101 | D:4      | Reached XP level 5. HP: 25/25 MP: 8/8
  2169 | D:4      | Found a shimmering altar of Xom.
  2225 | D:4      | Found Gufutionu's Antique Weapon Shoppe.
  2231 | D:4      | Bought an arbalest for 130 gold pieces
  2683 | D:4      | Identified a scroll of acquirement
  2683 | D:4      | Acquired Sif Muna's Almanac of the Swarm and Reformation
  2689 | D:4      | Learned a level 3 spell: Summon Guardian Golem
  2747 | D:5      | Entered Level 5 of the Dungeon
  2751 | D:5      | Noticed an ogre
  2767 | D:5      | Killed an ogre
  2768 | D:5      | Reached skill level 5 in Ranged Weapons
  2768 | D:5      | Reached skill level 1 in Evocations
  2768 | D:5      | Reached XP level 6. HP: 30/30 MP: 7/10
  2793 | D:5      | Found a shadowy altar of Dithmenos.
  2794 | D:5      | Noticed a shadow
  2918 | D:5      | Noticed a water moccasin
  2965 | D:5      | Killed a water moccasin
  3097 | D:5      | Found a hazy altar of Hepliaklqana.
  3105 | D:5      | Reached skill level 6 in Ranged Weapons
  3105 | D:5      | Reached XP level 7. HP: 35/35 MP: 9/12
  3124 | D:5      | Fell from the grace of Sif Muna
  3124 | D:5      | Became a worshipper of Hepliaklqana the Forgotten
  3350 | D:5      | Noticed Menkaure
  3364 | D:5      | Killed Menkaure
  3580 | D:6      | Noticed Pikel
  4055 | D:6      | Reached * piety under Hepliaklqana
  4139 | D:6      | Noticed a yak
  4221 | D:6      | Reached skill level 5 in Hexes
  4433 | D:6      | Noticed a yak
  4443 | D:6      | Killed a yak
  4444 | D:6      | Reached skill level 7 in Ranged Weapons
  4444 | D:6      | Reached skill level 1 in Summonings
  4444 | D:6      | Reached XP level 8. HP: 35/35 MP: 13/15
  4555 | D:6      | Killed Pikel
  4556 | D:6      | Reached skill level 8 in Ranged Weapons
  4556 | D:6      | Reached skill level 5 in Spellcasting
  4668 | D:6      | Reached XP level 9. HP: 35/39 MP: 17/17
  5204 | D:7      | HP: 1/39 [poisoned by a water moccasin]
  5205 | D:7      | Succumbed to a water moccasin's poison

Illustrated notes

Levels and vault maps discovered:
D:1:      shiori_arrival_maze, layout_rooms,
          hellmonk_ecumenical_altar_inner_sanctum, st_stairs_1,
          corexii_item_surrounded_by_moat
D:2:      layout_loops_ring, basic_altar, minmay_fractal_squares_gapless_5
D:3:      layout_basic, lemuel_doored_altar
D:4:      layout_loops_ring, mainiacjoe_overflow_paths, serial_shops,
          kennysheep_little_box
D:5:      layout_basic, riverfiend_overflow_shadow_ancestor, uniq_menkaure
D:6:      layout_basic, bh_walls_and_bars, uniq_pikel
D:7:      layout_cave_pools, minmay_temple_entry_wispy, serial_park,
          serial_park_tiny_1, serial_park_tiny_1, serial_park_avenue1

Skill      XL: |  1  2  3  4  5  6  7  8 |
---------------+-------------------------+-----
Hexes          | 4 5 6 |  6.1
Ranged Weapons | 3 4 5 6 7 8 |  8.6
Fighting       | 1 2 3 |  3.1
Dodging        | 3 4 |  4.5
Spellcasting   | 2 4 5 |  5.1
Evocations     | 1 2 |  2.6
Summonings     | 1 2 |  2.4
Stealth        | |  0.3

Action                   |  1- 3 |  4- 6 |  7- 9 || total
-------------------------+-------+-------+-------++-------
 Fire: Sling             |   154 |    47 |       ||   201
       Arbalest          |       |    36 |   100 ||   136
 Cast: Slow              |     7 |     5 |     5 ||    17
       Summon Guardian G |       |       |     5 ||     5
  Use: Scroll            |       |     7 |     1 ||     8
Armor: Robe              |     9 |     3 |     3 ||    15
Dodge: Dodged            |    60 |    24 |    22 ||   106
Block: Other             |       |       |     3 ||     3

Table legend: (Time is in decaauts)
 A = Elapsed time spent in this place.
 B = Non-inter-level travel time spent in this place.
 C = Inter-level travel time spent in this place.
 D = Time resting spent in this place.
 E = Time spent auto-exploring this place.
 F = Levels seen in this place.
 G = Mean time per level.
                   A        B        C        D        E       F      G
               +--------+--------+--------+--------+--------+-----+--------+
         Total |   3636 |   2850 |    786 |    260 |   1657 |   7 |  519.4 |
       Dungeon |   3636 |   2850 |    786 |    260 |   1657 |   7 |  519.4 |
               +--------+--------+--------+--------+--------+-----+--------+

Top non-repeatable levels by time:
     D:6: 1075 daAuts
     D:5: 584 daAuts
     D:2: 516 daAuts
     D:1: 483 daAuts
     D:4: 469 daAuts
     D:3: 416 daAuts
     D:7: 89 daAuts
